 Dungeon Crawl Stone Soup version 0.22.0-2-ge58baed0e8 (webtiles) character file.

2870 IcyTea the Slicer (level 10, -4/49 (50) HPs)
             Began as a Kobold Venom Mage on Aug 13, 2018.
             Was a Follower of Vehumet.
             Killed by nerve-wracking pain
             ... invoked by Menkaure
              (13 damage)
             ... on level 7 of the Dungeon.
             The game lasted 00:31:12 (9659 turns).

IcyTea the Slicer (Kobold Venom Mage)               Turns: 9659, Time: 00:31:12

HP:   -4/49 (50)    AC: 11    Str:  5    XL:     10   Next: 4%
MP:   14/14         EV: 14    Int: 20    God:    Vehumet [*.....]
Gold: 272           SH:  5    Dex: 19    Spells: 6/15 levels left

rFire    . . .     SeeInvis .   q - +2 dagger (venom)
rCold    + + .     Gourm    .   (shield restricted)
rNeg     . . .     Faith    .   y - +1 leather armour {rPois}
rPois    +         Spirit   .   r - +0 helmet
rElec    .         Reflect  +   p - +2 cloak {+Inv}
rCorr    .         Harm     .   (no gloves)
MR       .....                  h - +1 pair of boots
Stlth    ++........             d - +5 amulet of reflection
HPRegen  0.16/turn              j - ring of Lies {rC+ Str-2 Int+2 Dex+3 Slay+3}
MPRegen  0.14/turn              s - ring of protection from cold

@: no status effects
A: small, carnivore
a: Renounce Religion, Evoke Invisibility


You were on level 7 of the Dungeon.
You worshipped Vehumet.
Vehumet was aware of your devotion.
You were not hungry.

You visited 2 branches of the dungeon, and saw 8 of its levels.

You collected 398 gold pieces.
You spent 126 gold pieces at shops.

Inventory:

Hand Weapons
 q - a +2 dagger of venom (weapon)
 B - a +0 rapier
Missiles
 F - 3 throwing nets (quivered)
Armour
 h - a +1 pair of boots (worn)
 p - a +2 cloak of invisibility (worn)
 r - a +0 helmet (worn)
 y - a +1 leather armour of poison resistance (worn)
Magical Staves
 A - an uncursed staff of fire
Jewellery
 d - a +5 amulet of reflection (around neck)
 j - the ring of Lies (left hand) {rC+ Str-2 Int+2 Dex+3 Slay+3}
   (You found it on level 4 of the Dungeon)

   [ring of strength]

   It affects your strength (-2).
   It affects your intelligence (+2).
   It affects your dexterity (+3).
   It affects your accuracy and damage with ranged weapons and melee attacks
   (+3).
   It protects you from cold.
 s - a ring of protection from cold (right hand)
 v - an uncursed ring of flight
Wands
 z - a wand of digging (13)
 C - a wand of disintegration (19)
 D - a wand of random effects (32)
Scrolls
 b - 2 scrolls of remove curse
 e - a scroll of enchant weapon
 f - 4 scrolls of identify
 g - 2 scrolls of blinking
 i - a scroll of teleportation
 n - 2 scrolls of fear
 t - a scroll of immolation
 u - 2 scrolls of fog
 I - a scroll of holy word
Potions
 a - a potion of haste
 k - a potion of berserk rage
 l - a potion of brilliance
 m - a potion of flight
 o - a potion of ambrosia {unknown}
 w - a potion of mutation {unknown}
 x - a potion of heal wounds {unknown}
 E - a potion of might {unknown}
 G - a potion of lignification {unknown}
 H - a potion of degeneration {unknown}
Comestibles
 c - 16 rations


   Skills:
 - Level 8.2 Short Blades
 - Level 4.0 Armour
 - Level 2.4 Dodging
 - Level 2.6 Stealth
 + Level 3.3 Spellcasting
 - Level 6.8 Conjurations
 - Level 2.0 Ice Magic
 - Level 1.5 Air Magic
 - Level 7.0 Poison Magic
 - Level 2.0 Evocations


You had 6 spell levels left.
You knew the following spells:

 Your Spells              Type           Power        Failure   Level  Hunger
a - Sting                 Conj/Pois      ####         1%          1    None
b - Olgreb's Toxic Radia  Pois           ####....     12%         4    ####...
c - Mephitic Cloud        Conj/Pois/Air  ###.....     8%          3    ###....
d - Freeze                Ice            ##..         10%         1    None

Your spell library contained the following spells:

 Spells                   Type           Power        Failure   Level  Hunger
 Venom Bolt               Conj/Pois      ####......   34%         5    ######.
 Poisonous Vapours        Pois/Air       ###...       5%          2    ##.....


Dungeon Overview and Level Annotations

Branches:
Dungeon (7/15)             Temple (1/1) D:5

Altars:
Ashenzari
Cheibriados
Dithmenos
Elyvilon
Fedhas
Gozag
Hepliaklqana
Kikubaaqudgha
Nemelex Xobeh
Okawaru
Qazlal
Ru
Trog
Uskayaw
Vehumet
Wu Jian
Xom
Yredelemnul
Zin
The Shining One

Shops:
D:4 [   D:6 =

Annotations:
D:7 Menkaure


Innate Abilities, Weirdness & Mutations

You are small and have problems with some larger weapons.
You are carnivorous and can eat meat at any time.


Message History

Menkaure seems to speed up.
Press: ? - help, v - describe, . - travel The floor.
Menkaure calls on the powers of darkness!
Your body is wracked with pain!
Menkaure calls on the powers of darkness!
Your body is wracked with pain!
* * * LOW HITPOINT WARNING * * *
Casting: Olgreb's Toxic Radiance (safe; 12% risk of failure)
Confirm with . or Enter, or press ? or * to list all spells.
You can't see any susceptible monsters within range! (Use Z to cast anyway.)
Casting: Olgreb's Toxic Radiance (safe; 12% risk of failure)
Confirm with . or Enter, or press ? or * to list all spells.
Okay, then.
Menkaure calls on the powers of darkness!
Your body is wracked with pain!
* * * LOW HITPOINT WARNING * * *
Menkaure casts a spell at you. Pain shoots through your body!
You die...

##.#.. #.........# #.####
#.# #####.##### #.# #.#
#.# #.# #.# #.# #.# ##.#
#.#### . ##..# #..#.##
....####...##########....#
....'M...@.............).)
....####...######........#
# ##..# #.###.#.[# #......
#.###.##)#
#.#.###.##........# #.#.#
#####.#### #.... #.#
#....# ####.#### #....#
#........


You could see Menkaure.

Vanquished Creatures
  Harold (D:7)
  Duvessa (D:6)
  A water moccasin (D:7)
  A necrophage (D:7)
  A sky beast (D:5)
  2 ogres (D:7)
  2 centaurs (D:7)
  2 bullfrogs
  A gnoll sergeant (D:5)
  2 scorpions (D:7)
  Dowan (D:6)
  5 killer bees (D:7)
  A howler monkey (D:4)
  4 crimson imps
  A centaur zombie (D:3)
  A jelly (D:5)
  4 hounds
  A bullfrog skeleton (D:5)
  3 iguanas
  4 orc wizards
  3 worker ants
  A hound zombie (D:5)
  A hound skeleton (D:7)
  A worker ant zombie (D:6)
  7 adders
  A shadow imp (D:6)
  2 worms (D:5)
  3 dart slugs
  4 leopard geckos
  31 orcs
  2 bats
  7 giant cockroaches
  7 goblins
  4 hobgoblins
  6 jackals
  3 kobolds
  A quokka (D:3)
  6 frilled lizards
  A giant cockroach zombie (D:6)
  A leopard gecko zombie (D:5)
  15 rats
146 creatures vanquished.

Notes
Turn   | Place    | Note
-------+----------+-------------------------------------------
     0 | D:1      | IcyTea the Kobold Venom Mage began the quest for the Orb.
     0 | D:1      | Reached XP level 1. HP: 10/10 MP: 3/3
    52 | D:1      | Reached XP level 2. HP: 5/15 MP: 3/5
  1450 | D:2      | Reached XP level 3. HP: 19/19 MP: 6/6
  1943 | D:2      | Found a hazy altar of Hepliaklqana.
  2430 | D:3      | Reached XP level 4. HP: 11/24 MP: 0/7
  2438 | D:2      | Learned a level 4 spell: Olgreb's Toxic Radiance
  2789 | D:3      | Learned a level 3 spell: Mephitic Cloud
  2942 | D:3      | Reached XP level 5. HP: 16/28 MP: 0/9
  3384 | D:3      | Reached skill level 1 in Air Magic
  4037 | D:4      | Found Escho's Armour Emporium.
  4044 | D:4      | Got a scorched lapis lazuli ring
  4071 | D:4      | Identified the cursed ring of Lies {rC+ Str-2 Int+2 Dex+3 Slay+3} (You found it on level 4 of the Dungeon)
  4083 | D:4      | Bought a +0 cloak of invisibility for 126 gold pieces
  4114 | D:4      | Reached skill level 5 in Poison Magic
  4114 | D:4      | Reached XP level 6. HP: 25/32 MP: 5/10
  4323 | D:4      | Reached skill level 1 in Evocations
  4382 | D:4      | Found a sparkling altar of Nemelex Xobeh.
  4394 | D:4      | Found a sacrificial altar of Ru.
  4407 | D:4      | Found an iron altar of Okawaru.
  4443 | D:4      | Found a white marble altar of Elyvilon.
  4769 | D:5      | Entered Level 5 of the Dungeon
  4925 | D:5      | Reached XP level 7. HP: 36/36 MP: 6/11
  5448 | D:5      | HP: 1/36 [acid (10)]
  5543 | D:5      | HP: 1/36 [acid (10)]
  6123 | D:5      | Reached skill level 1 in Short Blades
  6158 | D:5      | Reached skill level 2 in Short Blades
  6210 | D:5      | Reached skill level 3 in Short Blades
  6210 | D:5      | Reached XP level 8. HP: 41/41 MP: 12/12
  6408 | D:5      | Reached skill level 4 in Short Blades
  6460 | D:5      | Found a staircase to the Ecumenical Temple.
  6505 | Temple   | Entered the Ecumenical Temple
  6568 | Temple   | Became a worshipper of Vehumet
  6717 | D:5      | Reached skill level 5 in Short Blades
  7046 | D:6      | Found Exadeub's Jewellery Emporium.
  7081 | D:6      | Found an ancient bone altar of Kikubaaqudgha.
  7133 | D:6      | Reached skill level 6 in Short Blades
  7135 | D:6      | Found a snail-covered altar of Cheibriados.
  7281 | D:6      | Noticed Duvessa
  7283 | D:6      | Noticed Dowan
  7292 | D:6      | Killed Dowan
  7298 | D:6      | Killed Duvessa
  7298 | D:6      | Reached skill level 7 in Short Blades
  7480 | D:6      | Found a shadowy altar of Dithmenos.
  7481 | D:6      | Found a stormy altar of Qazlal.
  7482 | D:6      | Found a glowing golden altar of the Shining One.
  7777 | D:7      | Reached skill level 8 in Short Blades
  7820 | D:7      | Noticed Harold
  7837 | D:7      | Killed Harold
  7837 | D:7      | Reached XP level 9. HP: 18/44 MP: 1/13
  8202 | D:7      | Reached skill level 1 in Armour
  8505 | D:7      | Noticed Menkaure
  9353 | D:7      | Reached * piety under Vehumet
  9353 | D:7      | Offered knowledge of Freeze by Vehumet.
  9358 | D:7      | Learned a level 1 spell: Freeze
  9391 | D:7      | Reached XP level 10. HP: 49/49 MP: 10/14
  9498 | D:7      | Reached skill level 1 in Ice Magic
  9659 | D:7      | Killed from afar by Menkaure

Skill      XL: |  1  2  3  4  5  6  7  8  9 10 |
---------------+-------------------------------+-----
Poison Magic   | 4 5 6 7 |  7.0
Spellcasting   | 3 |  3.3
Air Magic      | 1 |  1.5
Evocations     | 1 2 |  2.0
Conjurations   | 2 6 |  6.8
Short Blades   | 3 8 |  8.2
Armour         | 4 |  4.0
Ice Magic      | 2 |  2.0
Dodging        | |  2.4
Stealth        | |  2.6

Action                   |  1- 3 |  4- 6 |  7- 9 | 10-12 || total
-------------------------+-------+-------+-------+-------++-------
Melee: Unarmed           |    53 |       |       |       ||    53
       Dagger            |    15 |    38 |   184 |    22 ||   259
       Short sword       |    49 |    79 |       |       ||   128
 Cast: Sting             |    43 |    37 |     9 |       ||    89
       Olgreb's Toxic Ra |       |     7 |    21 |     1 ||    29
  Use: Scroll            |     2 |     6 |    10 |       ||    18
       Potion            |       |       |     3 |       ||     3
 Stab: Sleeping          |     4 |       |     6 |       ||    10
       Held in net/web   |       |       |     2 |       ||     2
       Distracted        |       |       |       |     1 ||     1
  Eat: Chunk             |    12 |    11 |    13 |       ||    36
Armor: Robe              |    17 |    19 |     5 |       ||    41
       Leather armour    |       |       |    13 |     4 ||    17
Dodge: Dodged            |   102 |    69 |    91 |     7 ||   269
Block: Other             |    10 |    25 |    28 |     1 ||    64
       Reflection        |     1 |       |     1 |       ||     2
